Unix NetHack Version 5.0.0-0 post-release - last build May  4 2026 22:22:43 (774f63e81ad911689b3a0859ea89b322d5daca8d,branch:main).

Game began 2026-05-07 07:47:00, ended 2026-05-07 09:07:48.

24620901111, chaotic male human Rogue

                                ---
                                -@|
                                G..
                                -..
                                |<^
                                --.

24620901111 the Footpad  St:15 Dx:18 Co:16 In:9 Wi:10 Ch:10  Chaotic
Dlvl:4  $:31 HP:0(17) Pw:5(5) AC:7  Xp:2 T:1124 

Latest messages:
 You are hit by an arrow.
 The door opens.
 With great effort you move the boulder.
 You see here 6 gold pieces.
 $ - 6 gold pieces (22 in total).
 This door is locked.
 Unlock it with your lock pick? [ynq] (q) y
 You succeed in picking the lock.
 The door opens.
 You see here 9 gold pieces.
 $ - 9 gold pieces (31 in total).
 Drink from the fountain? [yn] (n) y
 This tepid water is tasteless.
 The fountain dries up!
 You see here 2 food rations.
 The hobbit hurls a ruby potion!
 The bottle crashes on your head and breaks into shards.
 The ruby potion evaporates.
 It suddenly gets dark.
 Wait!  There's something there you can't see!
 It hits!
 You can see again.
 You kill the hobbit!
 There are several objects here.
 You learn more about your items by comparing them.
 b - a +0 dagger (alternate weapon; not wielded) (12 in total).
 You descend the stairs.
 You hit the gnome lord.
 The gnome lord jumps into a trap door!
 The gnome hits!
 Really step onto that trap door? [yn] (n) n
 You hit the gnome!
 The gnome jumps into a trap door!
 The gnome lord swings his thonged club.
 The gnome lord hits!
 The gnome lord swings his thonged club.
 The gnome lord hits!
 You hit the gnome lord!
 The gnome lord swings his thonged club.
 The gnome lord hits!
 You hit the gnome lord.
 You hit the gnome lord.
 The gnome lord swings his thonged club.
 The gnome lord hits!
 You die...
 Do you want your possessions identified? [ynq] (y) y
 Do you want to see your attributes? [ynq] (y) y
 Do you want an account of creatures vanquished? [ynaq] (y) y
 Do you want to see your conduct and achievements? [ynq] (y) y
 Do you want to see the dungeon overview? [ynq] (y) y

Inventory:
 Coins    ('$')
  $ - 31 gold pieces
 Weapons  (')')
  b - 12 +0 daggers (alternate weapons; not wielded)
  a - a +0 short sword (weapon in right hand)
 Armor    ('[')
  c - an uncursed +1 leather armor (being worn)
 Comestibles  ('%')
  g - an uncursed food ration
  j - a blessed tin of stir fried jackal meat
 Potions  ('!')
  d - an uncursed potion of sickness
 Tools    ('(')
  f - an empty uncursed sack
  e - an uncursed lock pick

24620901111 the Rogue's attributes:

Background:
 You were a Footpad, a level 2 male human Rogue.
 You were chaotic, nominally on a mission for Kos
 who was opposed by Issek (lawful) and Mog (neutral).
 You were right-handed.
 You were in the Gnomish Mines, on level 4.
 You entered the dungeon 1124 turns ago.
 You had 35 experience points, 5 more were needed to attain level 3.

Basics:
 You had 0 out of 17 hit points.
 You had all 5 energy points (spell power).
 Your armor class was 7.
 Your wallet contained 31 zorkmids.
 Autopickup was off.

Final Characteristics:
 Your strength was 15 (limit:18/100).
 Your dexterity was 18 (limit:18).
 Your constitution was 16 (limit:18).
 Your intelligence was 9 (limit:18).
 Your wisdom was 10 (limit:18).
 Your charisma was 10 (limit:18).

Final Status:
 You weren't hungry.
 You were unencumbered.
 You were wielding a short sword.
 You had basic skill with short sword.

Final Attributes:
 You were devoutly aligned.
 You were stealthy.
 You were warded.
 You are dead.

Miscellaneous:
 You didn't encounter any bones levels.
 Total elapsed playing time was 23 minutes and 23 seconds.

Major events:
 Turn
    1: 24620901111 the chaotic male human Rogue entered the dungeon
 1116: entered the Gnomish Mines
 1124: killed by a gnome lord

You didn't know any spells.

Skills:
 Fighting Skills
   bare handed combat [Unskilled]
   two weapon combat  [Unskilled]
   riding             [Unskilled]
 Weapon Skills
   dagger             [Basic]
   knife              [Unskilled]
   short sword        [Basic]
   broadsword         [Unskilled]
   long sword         [Unskilled]
   two-handed sword   [Unskilled]
   saber              [Unskilled]
   club               [Unskilled]
   mace               [Unskilled]
   morning star       [Unskilled]
   flail              [Unskilled]
   hammer             [Unskilled]
   polearms           [Unskilled]
   spear              [Unskilled]
   crossbow           [Unskilled]
   dart               [Unskilled]
   shuriken           [Unskilled]
 Spellcasting Skills
   divination spells  [Unskilled]
   escape spells      [Unskilled]
   matter spells      [Unskilled]

Voluntary challenges:
 Character rerolling was not enabled.
 You were an atheist.
 You were illiterate.
 You never genocided any monsters.
 You never polymorphed an object.
 You never changed form.
 You used no wishes.
Achievements:
 You entered a shop.
 You entered the Gnomish Mines.

 The Dungeons of Doom: levels 1 to 3
    Level 1:
    Level 2:
       A potion shop, a grave.
    Level 3:
       A grave.
       Stairs down to The Gnomish Mines.
 The Gnomish Mines:
    Level 4: <- You were here.
       Final resting place for
          you, killed by a gnome lord.


Vanquished creatures:
  2 hobbits
  a brown mold
  a kobold
  a goblin
  a sewer rat
  a grid bug
  3 lichens
  a newt
11 creatures vanquished.

No species were genocided or became extinct.

Game over:
                       ----------
                      /          \
                     /    REST    \
                    /      IN      \
                   /     PEACE      \
                  /                  \
                  |   24620901111    |
                  |      31 Au       |
                  |   killed by a    |
                  |    gnome lord    |
                  |                  |
                  |                  |
                  |       2026       |
                 *|     *  *  *      | *
        _________)/\\_//(\/(/\)/\//\/|_)_______

Goodbye 24620901111 the Rogue...

You died in The Gnomish Mines on dungeon level 4 with 318 points,
and 31 pieces of gold, after 1124 moves.
You were level 2 with a maximum of 17 hit points when you died.

